Map: Dusk Towers

Players

moilis

  • Race: Terran Terran
  • League: Diamond

Tropic - Winner!

  • Race: Protoss Protoss
  • League: Master

VOD

Have the link to the VOD?

Description

Time

  • Played on: Nov. 16, 2015, 11:17 a.m.
  • Length: 7:32
Show
View Real Time Build Order
Export as new Build Order

moilis Terran 

Build Orders: Reaper Expand 

Get SALT Encoding   

  12  0:01  SCV  
  13  0:13  SCV  
  14  0:19  Supply Depot  
  14  0:25  SCV  
  15  0:40  SCV  
  16  0:43  Barracks  
  16  0:47  Refinery  
  16  0:52  SCV  
  17  1:05  SCV  
  18  1:17  SCV  
  19  1:31  Orbital Command  
  19  1:32  Reaper  
  20  1:42  Command Center  
  20  1:53  Supply Depot  
  20  1:56  SCV  
  21  2:08  SCV, Barracks  
  21  2:13  Barracks Reactor  
  22  2:21  SCV  
  23  2:25  Barracks  
  23  2:33  SCV  
  23  2:43  Bunker  
  23  2:45  SCV  
  23  2:50  Marine x2  
  26  2:56  Marine  
  26  2:57  SCV, Supply Depot  
  28  3:02  Supply Depot  
  28  3:07  Marine  
  28  3:10  Marine  
  29  3:13  Marine  
  29  3:15  SCV  
  31  3:21  SCV, Barracks Tech Lab  
  31  3:25  Refinery, Engineering Bay  
  32  3:27  SCV  
  33  3:36  Factory  
  33  3:45  Orbital Command  
  33  3:46  SCV  
  33  3:52  Stimpack  
  33  3:53  Marine  
  34  3:58  SCV, Marine  
  36  4:02  Marine  
  36  4:08  Terran Infantry Weapons Level 1  
  37  4:10  SCV  
  37  4:12  SCV  
  37  4:15  Marauder  
  41  4:22  SCV  
  42  4:24  Starport  
  42  4:26  Widow Mine  
  42  4:30  SCV  
  45  4:34  SCV  
  45  4:38  Barracks Tech Lab  
  46  4:42  SCV  
  47  4:46  SCV, Marine  
  47  4:47  Marauder, Marine  
  52  4:54  SCV  
  53  5:02  Factory Reactor  
  44  5:18  Viking  
  44  5:25  SCV x2  
  46  5:37  SCV x2  
  46  5:40  Marine  
  46  5:41  Marine, Marauder x2  
  54  5:49  SCV x2  
  53  6:01  SCV  
  53  6:02  Marauder x2  
  54  6:05  Marine x2  
  56  6:15  Medivac  
  58  6:23  Marauder, Marine  
  61  6:31  Supply Depot  
  61  6:37  Marine  
  62  6:53  Marauder, Medivac, Marine x2  
  68  6:55  Marine  
  50  7:10  Marine  
  50  7:13  Marine  
Show
View Real Time Build Order
Export as new Build Order

Tropic Protoss - Winner!

Build Orders: 1 Gate Expand 

Get SALT Encoding   

  12  0:02  Probe (Chrono Boost)  
  13  0:12  Probe (Chrono Boost)  
  14  0:18  Pylon  
  14  0:23  Probe (Chrono Boost)  
  15  0:37  Probe (Chrono Boost)  
  15  0:40  Gateway  
  16  0:47  Probe (Chrono Boost)  
  17  1:08  Nexus  
  17  1:14  Assimilator  
  17  1:17  Probe (Chrono Boost)  
  18  1:27  Cybernetics Core  
  18  1:30  Probe (Chrono Boost)  
  19  1:39  Assimilator  
  19  1:40  Probe (Chrono Boost)  
  20  1:48  Pylon  
  20  1:51  Probe (Chrono Boost)  
  21  2:01  Probe (Chrono Boost)  
  21  2:06  Adept (Chrono Boost)  
  24  2:10  Warp Gate (Chrono Boost)  
  24  2:13  Probe  
  25  2:19  Probe  
  25  2:25  Probe  
  25  2:29  Mothership Core  
  28  2:30  Adept (Chrono Boost)  
  30  2:37  Probe  
  31  2:48  Probe  
  31  2:49  Probe  
  33  2:53  Adept (Chrono Boost)  
  35  2:59  Probe  
  35  3:03  Robotics Facility  
  35  3:05  Pylon  
  36  3:07  Probe  
  38  3:24  Gateway  
  38  3:25  Gateway, Probe  
  36  3:28  Probe  
  37  3:37  Probe  
  37  3:38  Assimilator  
  37  3:41  Probe  
  39  3:49  Warp Prism (Chrono Boost)  
  41  3:59  Nexus  
  41  4:10  Adept  
  41  4:12  Probe  
  41  4:14  Probe  
  45  4:17  Twilight Council  
  45  4:23  Probe  
  45  4:27  Pylon  
  45  4:29  Sentry x2, Pylon  
  45  4:30  Sentry  
  52  4:33  Probe  
  52  4:37  Probe  
  54  4:45  Probe  
  55  4:47  Probe  
  56  4:54  Pylon  
  56  4:56  Assimilator  
  56  4:57  Probe  
  56  4:58  Probe  
  56  4:59  Assimilator  
  58  5:25  Adept x3  
  58  5:27  Probe, Blink (Chrono Boost)  
  65  5:30  Probe  
  65  5:34  Gateway  
  66  5:37  Gateway  
  66  5:38  Probe  
  66  5:40  Probe x2, Gateway  
  66  5:42  Gateway  
  69  5:45  Pylon  
  69  5:47  Pylon  
  69  5:49  Probe  
  69  5:52  Probe  
  69  5:54  Probe  
  70  6:04  Probe  
  70  6:06  Probe x2, Adept x2  
  70  6:07  Adept  
  75  6:12  Robotics Bay  
  75  6:15  Pylon  
  75  6:16  Probe  
  76  6:18  Probe, Forge  
  76  6:22  Probe  
  76  6:25  Observer  
  79  6:27  Adept x3  
  85  6:33  Probe  
  85  6:34  Pylon  
  85  6:39  Probe  
  86  6:40  Probe  
  88  6:49  Adept x4  
  88  6:50  Adept  
  98  6:54  Pylon  
  98  6:57  Pylon  
  96  7:06  Adept x2  
  98  7:12  Adept  
  98  7:13  Adept x4  
  100  7:28  Stalker x2  
Tags
 
Add a new tag
Caveats
  • Supply blocks, unpowered buildings, or Contaminate may cause inaccurate times.
  • Supply counts are checked every 10 seconds.